 Dungeon Crawl Stone Soup version 0.16.2-12-gd0ad4c3 (webtiles) character file.

205 dvd the Insei (level 5, -9/37 HPs)
             Began as an Octopode Monk on Nov 1, 2015.
             Mangled by an ogre
             ... wielding a +0 giant club
              (19 damage)
             ... on level 4 of the Dungeon.
             The game lasted 00:10:33 (3679 turns).

dvd the Insei (Octopode Monk)                       Turns: 3679, Time: 00:10:33

Health: -9/37      AC:  1    Str: 11    XL:     5   Next: 83%
Magic:  14/14      EV: 14    Int: 13    God:
Gold:   137        SH:  0    Dex: 14    Spells: 0 memorised, 4 levels left

rFire  x . .     SeeInvis .       - Unarmed
rCold  + . .     Clarity  .     (no shield)
rNeg   + . .     SustAb   .     (helmet restricted)
rPois  .         Gourm    .     (no amulet)
rElec  .         Spirit   .     c - ring of magical power
rCorr  .         Warding  .     k - ring of positive energy
rMut   .         Stasis   .     a - ring of ice
MR     .....                    (no ring)
Stlth  ++++......               (no ring)
                                (no ring)
                                (no ring)
                                (no ring)

@: not resistant to hostile enchantments, stealthy
A: almost no armour, amphibious, 8 rings, constrict 8, camouflage 1, gelatinous
body 1
a: no special abilities


You were on level 4 of the Dungeon.
You were hungry.

You visited 1 branch of the dungeon, and saw 4 of its levels.

You collected 137 gold pieces.

Inventory:

Missiles
 j - 5 tomahawks (quivered)
Jewellery
 a - a ring of ice (on tentacle)
 c - a ring of magical power (left tentacle)
 k - a ring of positive energy (right tentacle)
Scrolls
 d - a scroll of immolation {unknown}
 e - 7 scrolls of teleportation {unknown}
 f - a scroll of fear {unknown}
 i - a scroll of amnesia {unknown}
 m - a scroll of recharging {unknown}
 n - a scroll of identify {unknown}
Potions
 g - 3 potions of might {unknown}
 h - a potion of curing {unknown}
 l - a potion of brilliance {unknown}
Comestibles
 b - 3 bread rations
 p - 4 fruits


   Skills:
 + Level 3.7 Fighting
 + Level 0.2 Throwing
 + Level 4.0 Dodging
 + Level 4.4 Stealth
 + Level 5.2 Unarmed Combat


You had 4 spell levels left.
You didn't know any spells.

Dungeon Overview and Level Annotations

Branches:
Dungeon (4/15)
 Temple: D:4-7

Altars:
Gozag
Vehumet

Shops:
D:4 [[!

Annotations:
D:2 Crazy Yiuf


Innate Abilities, Weirdness & Mutations

You cannot wear most types of armour.
You are amphibious.
You can wear up to eight rings at the same time.
You can use your tentacles to constrict many enemies at once.
Your skin changes colour to match your surroundings (Stealth).
Your rubbery body absorbs attacks (AC +1).


Message History

The staircase mimic guffaws and vanishes in a puff of smoke!
An ogre comes into view. It is wielding a giant club.
The ogre shouts!
You tentacle-slap the ogre but do no damage.
The ogre hits you with a giant club!!
Ouch! That really hurt!
* * * LOW HITPOINT WARNING * * *
You tentacle-slap the ogre.
The ogre is lightly wounded.
You bludgeon the ogre!
The ogre is heavily wounded.
The ogre barely misses you.
You tentacle-slap the ogre but do no damage.
The ogre is heavily wounded.
The ogre closely misses you.
You tentacle-slap the ogre.
The ogre is heavily wounded.
The ogre hits you with a giant club!!
Ouch! That really hurt!
You die...

#.........#
##.....##..# ##
###...######.##
..###......# ##..#
.......#....###...#
#.....####........#
###..## ###......#
#..# ##.....# #..#
##..@.# #..# ##.O.#
#..# ##.... #..#
#...... ##..#
...####.. ##..##
..## ...## ..# ..##
..## .## .


You could see an ogre.

Vanquished Creatures
  2 orc priests (D:3)
  3 adders
  5 worms
  2 giant geckos
  5 orcs (D:3)
  11 bats
  3 giant cockroaches
  9 goblins
  13 hobgoblins
  10 jackals
  3 kobolds
  A ball python (D:1)
  5 giant newts
  A jackal skeleton (D:4)
  4 quokkas
  8 rats
85 creatures vanquished.

Notes
Turn   | Place    | Note
--------------------------------------------------------------
     0 | D:1      | dvd, the Octopode Monk, began the quest for the Orb.
     0 | D:1      | Reached XP level 1. HP: 16/16 MP: 1/1
   513 | D:1      | Reached XP level 2. HP: 13/21 MP: 2/2
  1181 | D:2      | Reached XP level 3. HP: 26/26 MP: 3/3
  1362 | D:2      | Noticed Crazy Yiuf
  1385 | D:2      | Found a radiant altar of Vehumet.
  1493 | D:1      | Reached XP level 4. HP: 11/31 MP: 4/4
  2247 | D:3      | Reached XP level 5. HP: 20/36 MP: 5/5
  2535 | D:3      | Found an opulent altar of Gozag.
  2623 | D:3      | Reached skill level 5 in Unarmed Combat
  3303 | D:4      | Found Jomej's Distillery.
  3357 | D:4      | Found Umanaasm's Antique Armour Shoppe.
  3365 | D:4      | Found Asaomaif's Armour Boutique.
  3670 | D:4      | Noticed an ogre
  3679 | D:4      | Mangled by an ogre

Action                   |  1- 3 |  4- 6 || total
-------------------------+-------+-------++-------
Melee: Unarmed           |    93 |    91 ||   184
Throw: Tomahawk          |       |     5 ||     5
 Stab: Sleeping          |     5 |    11 ||    16
       Distracted        |     1 |     1 ||     2
  Eat: Chunk             |     2 |     6 ||     8
